 Dungeon Crawl Stone Soup version 0.30.1-9-gdf580d7c3d (webtiles) character file.

Game seed: 2418433711705286359

1237 lonewolfV2 the Trooper (level 8, 0/67 HPs)
             Began as a Formicid Fighter on Oct 21, 2023.
             Was a Priest of Cheibriados.
             Slain by an iguana (9 damage)
             ... on level 6 of the Dungeon.
             The game lasted 00:09:14 (4755 turns).

lonewolfV2 the Trooper (Formicid Fighter)           Turns: 4755, Time: 00:09:15

Health: 0/67       AC: 11    Str: 30    XL:     8   Next: 78%
Magic:  11/11      EV: 12    Int: 13    God:    Cheibriados [***...]
Gold:   73         SH:  6    Dex: 19    Spells: 7/7 levels left

rFire   . . .        s - +0 war axe (freeze)
rCold   . . .        c - +0 buckler
rNeg    . . .        d - +0 plate armour
rPois   .            (helmet unavailable)
rElec   .            (no cloak)
rCorr   .            (no gloves)
SInv    +            (no boots)
Will    .....        (no amulet) Stlth
                     l - +5 ring of evasion
HPRegen 0.31/turn    (no ring)
MPRegen 0.12/turn

%: no passive effects
@: very slow
A: permanent stasis, dig shafts and tunnels, antennae 3, four strong arms
a: Dig, Shaft Self, Renounce Religion, Bend Time, Temporal Distortion


You were on level 6 of the Dungeon.
You worshipped Cheibriados.
Cheibriados was most pleased with you.
You visited 1 branch of the dungeon, and saw 6 of its levels.

You collected 324 gold pieces.
You spent 251 gold pieces at shops.

Inventory:

Hand Weapons
 a - a +0 war axe
 s - a +0 war axe of freezing (weapon)
Missiles
 p - a throwing net
Armour
 c - a +0 buckler (worn)
 d - a +0 plate armour (worn)
 o - a +0 chain mail
Jewellery
 l - a +5 ring of evasion (left hand)
Scrolls
 e - 3 scrolls of magic mapping
 g - a scroll of noise
Potions
 b - a potion of magic {unknown}
 f - 2 potions of heal wounds
 h - a potion of ambrosia {unknown}
 i - 2 potions of haste
 j - a potion of attraction {unknown}
 k - a potion of degeneration {unknown}
 n - 3 potions of curing
 q - 2 potions of invisibility {unknown}
 r - a potion of mutation {unknown}


   Skills:
 + Level 7.5 Fighting
 + Level 6.2 Axes
 - Level 3.5 Armour
 - Level 4.3 Shields
 + Level 5.3 Invocations


You had 7 spell levels left.
You didn't know any spells.
Your spell library was empty.

Dungeon Overview and Level Annotations

Branches:
Dungeon (6/15)
 Temple: D:4-7

Altars:
Cheibriados
Trog
Uskayaw
Yredelemnul

Shops:
D:5 (*![(


Innate Abilities, Weirdness & Mutations

You cannot be hasted, slowed, berserked, paralysed or teleported.
You can dig through walls and to a lower floor.
You have a pair of large antennae on your head. (SInv)
Your four strong arms can wield two-handed weapons with a shield.


Message History

The black bear bites you but does no damage.
You block the black bear's attack. The black bear barely misses you.
You hit the black bear. You freeze the black bear.
The black bear is moderately wounded.
You hit the iguana but do no damage. You barely miss the iguana.
You block the iguana's attack. The black bear closely misses you. x2
The black bear claws you but does no damage.
The iguana bites you!
Unknown command.
You slash the black bear! You freeze the black bear!
You kill the black bear!
Cheibriados thoroughly appreciates the change of pace.
You hit the iguana but do no damage. x2; The iguana bites you! x2
The iguana is no longer moving slowly.
The iguana bites you! The iguana bites you.
There is a stone staircase leading up, spattered with blood here.
You hit the iguana.
The iguana seems to slow down.
You freeze the iguana.
The iguana is heavily wounded.
You barely miss the iguana. You block the iguana's attack. x2
You barely miss the iguana.
The iguana is heavily wounded.
You hit the iguana but do no damage. The iguana bites you.
* * * LOW HITPOINT WARNING * * *
Unknown command.
You slash the iguana!
The iguana seems to slow down.
You freeze the iguana.
You kill the iguana!
Cheibriados appreciates the change of pace.
You hit the iguana but do no damage. The iguana bites you!
* * * LOW HITPOINT WARNING * * *
You hit the iguana but do no damage.
The iguana is moderately wounded.
The iguana barely misses you. The iguana bites you.
* * * LOW HITPOINT WARNING * * *
You barely miss the iguana.
The iguana is moderately wounded.
The iguana closely misses you.
You closely miss the iguana.
The iguana is moderately wounded.
The iguana bites you!
You die...

### #.######
#......#
#†@....#
+....l....##
#.............
#.............
#...##....##..
#... #....# .
##.. #....#
#.. #....#


You could see an iguana.

Vanquished Creatures
  Menkaure (D:4)
  A water moccasin (D:5)
  An ice beast (D:5)
  2 black bears
  2 ogres
  A scorpion (D:5)
  A hound (D:5)
  3 jellies
  A sleepcap (D:5)
  2 iguanas
  An orc wizard (D:4)
  10 gnolls
  8 adders
  4 worms
  4 dart slugs
  7 orcs
  9 ball pythons
  4 endoplasms
  4 giant cockroaches
  4 goblins
  5 hobgoblins
  11 jackals
  3 kobolds
  6 quokkas
  4 bats
  A frilled lizard (D:2)
  8 rats
108 creatures vanquished.

Vanquished Creatures (others)
  An endoplasm (D:4)
1 creature vanquished.

Grand Total: 109 creatures vanquished

Notes
Turn   | Place    | Note
-------+----------+-------------------------------------------
     0 | D:1      | lonewolfV2 the Formicid Fighter began the quest for the
                  | Orb.
     0 | D:1      | Reached XP level 1. HP: 18/18 MP: 1/1
   169 | D:1      | Reached XP level 2. HP: 24/24 MP: 2/2
   977 | D:1      | Found a faded altar of an unknown god.
  1038 | D:2      | Reached XP level 3. HP: 19/30 MP: 3/3
  1304 | D:2      | Reached skill level 4 in Fighting
  1324 | D:2      | Reached XP level 4. HP: 37/37 MP: 4/4
  1447 | D:2      | Found a snail-covered altar of Cheibriados.
  1480 | D:2      | Became a worshipper of Cheibriados the Contemplative
  2054 | D:3      | Found a bloodstained altar of Trog.
  2122 | D:3      | Reached * piety under Cheibriados
  2295 | D:3      | Reached XP level 5. HP: 43/43 MP: 5/5
  2401 | D:4      | Noticed an ogre
  2413 | D:4      | Killed an ogre
  2414 | D:4      | Reached skill level 5 in Fighting
  2414 | D:4      | Reached XP level 6. HP: 36/51 MP: 6/6
  2822 | D:4      | Reached skill level 1 in Invocations
  2945 | D:4      | Reached ** piety under Cheibriados
  3122 | D:4      | Found a hide-covered altar of Uskayaw.
  3198 | D:4      | Noticed Menkaure
  3213 | D:4      | Killed Menkaure
  3214 | D:4      | Reached skill level 6 in Fighting
  3214 | D:4      | Reached XP level 7. HP: 18/58 MP: 8/8
  3448 | D:5      | Entered Level 5 of the Dungeon
  3595 | D:5      | Found Dywatog's Armour Boutique.
  3654 | D:5      | Noticed a water moccasin
  3656 | D:5      | Reached skill level 5 in Axes
  3672 | D:5      | Reached XP level 8. HP: 30/65 MP: 10/10
  4040 | D:5      | Found Bonn's General Store.
  4079 | D:5      | Found Zynlashek's Antique Weapon Emporium.
  4087 | D:5      | Bought a runed war axe for 201 gold pieces
  4182 | D:5      | Found Sumym's Weapon Boutique.
  4203 | D:5      | Reached skill level 7 in Fighting
  4380 | D:5      | Reached *** piety under Cheibriados
  4476 | D:5      | Reached skill level 5 in Invocations
  4580 | D:5      | Found Anuv's Distillery.
  4624 | D:5      | Bought a potion of heal wounds for 50 gold pieces
  4727 | D:5      | Found a basalt altar of Yredelemnul.
  4755 | D:6      | Slain by an iguana

Illustrated notes

Levels and vault maps discovered:
D:1:      saegor_arrival_simple_a, layout_basic, chequers_ecumenical_altar_lobes
D:2:      layout_rooms, basic_altar
D:3:      layout_basic, mainiacjoe_overflow_alcove_2, serial_park_tiny_pond
D:4:      layout_rooms, mainiacjoe_overflow_surrounded_room,
          lemuel_flame_loot_1, uniq_menkaure
D:5:      layout_loops_ring, kennysheep_mini, serial_shops,
          nicolae_shop_advertising_works [nicolae_subvault_shop_adworks],
          nicolae_lakefront_shop, nicolae_shop_window_shopping,
          nicolae_shop_trees, shop
D:6:      layout_gridville, mainiacjoe_overflow_chevrons

Skill      XL: |  1  2  3  4  5  6  7  8 |
---------------+-------------------------+-----
Fighting       | 4 5 6 7 |  7.5
Axes           | 3 4 5 6 |  6.2
Invocations    | 2 3 5 |  5.3
Armour         | |  3.5
Shields        | |  4.3

Action                     |  1- 3 |  4- 6 |  7- 9 || total
---------------------------+-------+-------+-------++-------
  Melee: War axe           |    72 |   155 |   100 ||   327
    Use: Scroll            |     2 |     4 |     3 ||     9
         Potion            |       |     1 |     1 ||     2
 Armour: Scale mail        |    52 |    41 |       ||    93
         Chain mail        |       |    20 |       ||    20
         Plate armour      |       |       |    48 ||    48
  Dodge: Dodged            |    45 |   129 |    72 ||   246
  Block: Buckler           |    36 |    68 |    42 ||   146
